Map: Paladino Terminal LE

Players

Victorruiz

  • Race: Terran Terran
  • Spawn Location: 5:00

Musumeci - Winner!

  • Race: Zerg Zerg
  • League: Diamond
  • Spawn Location: 9:00

VOD

Have the link to the VOD?

Description

Time

  • Played on: Jan. 25, 2017, 2:19 p.m.
  • Length: 12:50
Show
View Real Time Build Order
Export as new Build Order

Victorruiz Terran 

Build Orders: Reaper Expand 

Get SALT Encoding   

  12  0:02  SCV  
  13  0:14  SCV  
  13  0:19  Supply Depot  
  14  0:26  SCV  
  15  0:40  SCV  
  15  0:42  Barracks  
  16  0:47  Refinery  
  16  0:52  SCV  
  17  1:05  SCV  
  18  1:17  SCV  
  19  1:30  Orbital Command, Reaper  
  20  1:45  Command Center  
  20  1:55  SCV  
  21  2:08  SCV, Barracks  
  22  2:10  Barracks Reactor  
  22  2:15  Supply Depot  
  22  2:49  Factory, Refinery  
  22  2:57  Barracks Tech Lab  
  21  3:01  SCV  
  21  3:05  Marine  
  23  3:13  SCV, Marine  
  23  3:16  Orbital Command  
  23  3:18  Marine  
  26  3:24  Stimpack, Marine  
  26  3:25  SCV  
  28  3:31  Marine  
  29  3:37  Starport, SCV  
  29  3:38  Marine  
  31  3:43  SCV  
  31  3:46  Marine  
  31  3:47  Factory Reactor  
  33  3:50  SCV, Marine  
  35  3:55  SCV  
  35  3:56  Marine  
  35  4:00  Supply Depot  
  37  4:05  Marine  
  37  4:08  Marine  
  39  4:13  SCV x2  
  39  4:14  Marine  
  42  4:18  Supply Depot  
  42  4:23  Marine  
  43  4:25  SCV x2  
  43  4:27  Marine  
  46  4:32  Supply Depot  
  46  4:37  SCV x2, Medivac x2  
  46  4:38  Marine  
  53  4:40  Widow Mine  
  55  4:49  SCV x2  
  57  4:53  Marine  
  57  4:55  Supply Depot  
  57  4:56  Marine  
  57  4:57  Marine  
  60  5:01  SCV x2  
  62  5:07  Viking, Medivac  
  62  5:08  Engineering Bay  
  62  5:11  Engineering Bay  
  62  5:13  SCV x2  
  68  5:18  Marine x3  
  71  5:21  Factory Reactor  
  71  5:25  SCV  
  71  5:27  Barracks  
  72  5:30  Supply Depot x2  
  72  5:36  Marine x2  
  72  5:37  SCV  
  73  5:55  Marine x3  
  75  6:06  Medivac x2  
  75  6:10  Terran Infantry Weapons Level 1  
  79  6:12  Barracks, Marine  
  79  6:13  Barracks, Marine x2  
  79  6:15  Factory Tech Lab  
  82  6:30  Marine x3  
  82  6:31  Marine  
  86  6:34  SCV x2  
  86  6:36  Refinery  
  86  6:37  Refinery  
  86  6:39  Command Center  
  88  6:48  Marine x3  
  92  6:55  Barracks Reactor  
  92  6:56  Medivac  
  92  6:59  Supply Depot  
  93  7:06  Marine  
  94  7:14  Marine  
  94  7:17  Marine  
  94  7:24  Marine  
  87  7:32  Marine  
  87  7:35  Marauder, Marine  
  89  7:41  Marine  
  90  7:45  Marine  
  90  7:50  Marine  
  90  7:53  Marine  
  90  7:56  Marine  
  91  7:59  Barracks Reactor, Marine  
  91  8:02  Armory  
  91  8:03  Marine  
  92  8:07  Marine x2  
  92  8:08  Marine, Siege Tank  
  92  8:11  SCV  
  92  8:12  Marine, Supply Depot  
  99  8:15  Supply Depot x2  
  99  8:16  Terran Infantry Armor Level 1  
  99  8:18  Marine x2, Supply Depot x2  
  102  8:21  Marine  
  102  8:25  SCV  
  102  8:26  SCV  
  105  8:27  Medivac  
  105  8:28  Marine x2, Medivac  
  105  8:31  Supply Depot  
  107  8:40  Siege Tank  
  106  8:57  SCV  
  106  8:58  SCV  
  108  9:04  Orbital Command  
  108  9:09  SCV  
  109  9:10  Marauder, SCV, Marine x5  
  109  9:12  Marine  
  118  9:20  Terran Infantry Weapons Level 2  
  118  9:21  SCV, Marine  
  118  9:22  SCV  
  121  9:26  Hellbat  
  123  9:31  SCV  
  123  9:32  Marauder  
  123  9:33  Marine x2  
  123  9:34  SCV x2  
  130  9:38  Marine x2  
  130  9:42  Marine  
  130  9:43  Marine x2  
  130  9:44  SCV  
  136  9:46  SCV x2  
  136  9:47  Siege Tank  
  136  9:48  Refinery, Marine  
  136  9:51  Supply Depot  
  142  9:53  Marauder, Supply Depot  
  142  9:56  SCV  
  145  10:00  Marine x2  
  145  10:01  Marine x3  
  150  10:07  Marine  
  150  10:08  SCV  
  150  10:09  SCV  
  150  10:12  Marine  
  150  10:13  Refinery  
  154  10:14  Marauder  
  154  10:15  SCV  
  154  10:19  Siege Tank  
  154  10:21  SCV  
  161  10:22  Marine  
  147  10:36  Marauder  
  147  10:49  Marine x5, Reaper x2  
  152  10:50  Marine  
  152  10:51  Siege Tank  
  158  10:57  Marauder  
  160  11:07  Marine x3  
  142  11:19  Marauder  
  142  11:20  Marine x2  
  142  11:21  Marine x2  
  142  11:22  Marine  
  142  11:24  Marine, Siege Tank  
  142  11:25  Marine x2  
  155  11:29  Factory  
  143  11:38  Marine x2  
  139  11:40  Marauder  
  139  11:42  Marine  
  136  11:56  Marine x4, Siege Tank  
  136  11:57  Marine  
  136  11:59  Marine  
  136  12:00  Marine  
  146  12:01  Marauder  
  146  12:03  Marine  
  146  12:05  Barracks  
  146  12:06  Supply Depot  
  146  12:07  Barracks  
  149  12:14  Marine x2  
  149  12:15  Factory Tech Lab  
  138  12:23  Marauder  
  138  12:25  Marine  
  103  12:32  Marine  
Show
View Real Time Build Order
Export as new Build Order

Musumeci Zerg - Winner!

Build Orders: Hatch First 

Get SALT Encoding   

  12  0:05  Drone  
  13  0:14  Drone  
  14  0:16  Drone, Extractor  
  15  0:42  Hatchery  
  14  0:47  Extractor  
  14  0:48  Drone  
  15  1:07  Spawning Pool  
  15  1:09  Drone, Extractor  
  14  1:17  Extractor  
  13  1:20  Drone  
  16  1:36  Overlord  
  19  1:54  Queen, Drone x3  
  19  1:57  Queen  
  24  2:01  Drone  
  24  2:05  Drone  
  25  2:12  Overlord  
  25  2:28  Drone  
  27  2:30  Queen, Drone  
  29  2:37  Extractor  
  29  2:39  Queen  
  30  2:48  Drone x4  
  35  2:52  Extractor  
  34  3:06  Overlord  
  34  3:11  Drone x2  
  36  3:12  Extractor  
  36  3:13  Drone  
  36  3:15  Extractor  
  36  3:18  Roach Warren  
  34  3:34  Overlord  
  34  3:36  Hatchery  
  34  3:39  Drone x3  
  36  3:44  Drone  
  36  3:45  Drone  
  38  3:57  Drone  
  38  3:58  Drone x3  
  42  4:10  Overlord  
  42  4:14  Roach, Lair  
  44  4:34  Roach  
  44  4:35  Roach x3  
  44  4:36  Evolution Chamber x2  
  44  4:38  Overlord  
  50  4:49  Roach  
  50  4:50  Roach x2  
  56  4:55  Drone x2  
  56  4:56  Drone x3  
  61  5:01  Drone  
  61  5:03  Drone x2, Extractor  
  61  5:05  Drone  
  61  5:06  Drone  
  65  5:10  Overlord  
  65  5:23  Spore Crawler  
  65  5:24  Drone, Spore Crawler  
  65  5:25  Drone  
  65  5:26  Spore Crawler  
  65  5:27  Drone  
  65  5:29  Spore Crawler  
  65  5:30  Drone  
  65  6:06  Overlord x5  
  63  6:24  Queen x2  
  63  6:25  Drone x13  
  76  6:33  Zerg Ground Armor Level 1, Zerg Missile Weapons Level 1  
  76  6:34  Glial Reconstitution  
  76  6:41  Spore Crawler  
  75  6:48  Extractor  
  74  6:56  Drone x4  
  78  7:05  Extractor  
  77  7:09  Extractor  
  77  7:11  Roach  
  77  7:13  Roach x6  
  79  7:27  Drone x6  
  72  7:38  Drone x4  
  72  7:39  Drone  
  65  7:45  Spawning Pool  
  64  7:59  Drone  
  64  8:00  Drone x7  
  72  8:09  Overseer  
  72  8:29  Zerg Missile Weapons Level 2, Zerg Ground Armor Level 2  
  72  8:34  Ravager  
  73  8:40  Ravager  
  73  8:41  Roach x8  
  90  8:56  Overlord x5  
  90  8:57  Overlord  
  90  9:14  Queen, Ravager x9  
  90  9:15  Ravager x4  
  90  9:16  Roach  
  115  9:17  Roach x4  
  115  9:26  Spine Crawler, Spore Crawler  
  115  9:27  Spine Crawler  
  115  9:30  Spore Crawler  
  115  9:31  Drone x5, Spore Crawler  
  112  9:32  Spine Crawler x2, Drone x2  
  112  9:33  Queen  
  117  9:46  Roach x4  
  117  9:47  Roach  
  127  9:59  Ravager x2  
  132  10:00  Roach, Ravager x3  
  132  10:01  Roach x2  
  138  10:13  Overlord x3  
  129  10:41  Ravager x2  
  129  10:42  Ravager x6  
  137  10:49  Overlord x5  
  137  11:08  Hatchery  
  130  11:13  Roach x12  
  151  11:31  Roach x7  
  151  11:32  Roach x2  
  169  11:59  Infestation Pit  
  157  12:26  Roach x13  
Tags
 
Add a new tag
Caveats
  • Supply blocks, unpowered buildings, or Contaminate may cause inaccurate times.
  • Supply counts are checked every 10 seconds.